 Dungeon Crawl Stone Soup version 0.30-a0-586-g23e55c9e0a (webtiles) character file.

Game seed: 10162468769848596563

6482 bmack86 the Blocker (level 10, -7/90 HPs)
             Began as a Minotaur Fighter on Jan 3, 2023.
             Was a Believer of Okawaru.
             Shot with an arrow by a centaur warrior (16 damage)
             ... on level 9 of the Dungeon.
             The game lasted 00:31:57 (9439 turns).

bmack86 the Blocker (Minotaur Fighter)              Turns: 9439, Time: 00:31:58

Health: -7/90      AC: 15    Str: 32    XL:     10   Next: 68%
Magic:  9/9        EV: 23    Int:  5    God:    Okawaru [**....]
Gold:   469        SH:  6    Dex:  9    Spells: 9/9 levels left

rFire   . . .      SeeInvis +    x - +0 broad axe
rCold   . . .      Faith    .    c - +0 buckler
rNeg    . . .      Spirit   .    B - +0 plate armour
rPois   .          Reflect  .    (helmet restricted)
rElec   .          Harm     .    F - +0 cloak
rCorr   .          Rampage  .    (no gloves)
Will    .....                    (no boots) Stlth
                                 w - amulet of the acrobat
HPRegen 0.35/turn                k - +6 ring of strength
MPRegen 0.11/turn                J - ring of see invisible

@: acrobatic
A: horns 2, retaliatory headbutt
a: Renounce Religion, Heroism


You were on level 9 of the Dungeon.
You worshipped Okawaru.
Okawaru was pleased with you.
You visited 2 branches of the dungeon, and saw 10 of its levels.
You also visited: Bailey.

You collected 546 gold pieces.
You spent 77 gold pieces at shops.

Inventory:

Hand Weapons
 a - a +1 war axe
 x - a +0 broad axe (weapon)
 I - a +5 battleaxe
Missiles
 l - 33 poisoned darts
 s - 28 boomerangs (quivered)
 z - 2 throwing nets
Armour
 c - a +0 buckler (worn)
 i - a +1 tower shield
 m - a +0 chain mail of cold resistance
 t - a scarf of invisibility
 B - a +0 plate armour (worn)
 F - a +0 cloak (worn)
Jewellery
 k - a +6 ring of strength (left hand)
 w - an amulet of the acrobat (around neck)
 H - the ring of Qeywory {Fly rPois Will- Int+5}
   (You found it on level 6 of the Dungeon)

   [ring of flight]

   Int:       It affects your intelligence (+5).
   rPois:     It protects you from poison.
   Fly:       It grants you flight.
   Will:      It decreases your willpower.
 J - a ring of see invisible (right hand)
Wands
 y - a wand of polymorph (9)
 D - a wand of light (6)
 E - a wand of paralysis (19)
 K - a wand of flame (13)
 L - a wand of roots (5)
 M - a wand of digging (3)
Scrolls
 b - a scroll of amnesia
 e - 5 scrolls of teleportation
 o - 4 scrolls of enchant armour
 p - a scroll of fear
 r - a scroll of magic mapping
 u - 2 scrolls of vulnerability
 v - a scroll of blinking
Potions
 d - 4 potions of flight
 f - 3 potions of heal wounds
 g - 7 potions of curing
 h - 2 potions of brilliance
 j - a potion of lignification
 n - 2 potions of invisibility
 q - a potion of might
 A - 2 potions of cancellation
 C - a potion of mutation
 G - a potion of ambrosia


   Skills:
 + Level 8.4 Fighting
 * Level 11.0 Axes
 + Level 8.4 Armour
 * Level 11.2 Shields
 + Level 4.7 Evocations


You had 9 spell levels left.
You didn't know any spells.
Your spell library contained the following spells:

 Spells                   Type           Power      Damage    Failure   Level
 Apportation              Tloc           0%         N/A       99%         1
 Necrotise                Necr           0%         1d4       99%         1
 Shock                    Conj/Air       0%         1d3       99%         1
 Blink                    Tloc           0%         N/A       100%        2
 Momentum Strike          Conj/Tloc      0%         3d8       100%        2
 Inner Flame              Hex/Fire       0%         N/A       100%        3
 Lesser Beckoning         Tloc           0%         N/A       100%        3
 Swiftness                Air            0%         N/A       100%        3
 Airstrike                Air            0%         2d(0-16)  100%        4
 Cause Fear               Hex            0%         N/A       100%        4
 Discord                  Hex            0%         N/A       100%        8
 Summon Small Mammal      Summ           Unusable   N/A       N/A         1

Dungeon Overview and Level Annotations

Branches:
Dungeon (9/15)             Temple (1/1) D:5          Bailey (visited)
   Lair: D:8-11         Orc: D:9-12

Altars:
Ashenzari
Cheibriados
Dithmenos
Elyvilon
Fedhas
Gozag
Hepliaklqana
Kikubaaqudgha
Makhleb
Nemelex Xobeh
Okawaru
Qazlal
Ru
Sif Muna
Trog
Uskayaw
Vehumet
Wu Jian
Xom
Yredelemnul
Zin
The Shining One

Shops:
D:2 *[   D:5 [


Innate Abilities, Weirdness & Mutations

You have a pair of horns on your head.
You reflexively headbutt those who attack you in melee.


Message History

There is an open door here.
Found an escape hatch in the floor.
You open the door.
There is an open door here.
You open the door.
There is an open door here.
There is an open door here.
You now have 452 gold pieces (gained 14).
You open the door.
There is an open door here.
Found a war axe.
You see here a +0 war axe.
You open the door.
Found a scroll of poison.
There is an open door here.
f - 3 potions of heal wounds (gained 1)
M - a wand of digging (3)
You now have 469 gold pieces (gained 17).
You open the door.
There is an open door here.
You open the door.
A centaur warrior comes into view.
Found a stone staircase leading up.
The centaur warrior shouts!
The centaur warrior wields a +0 shortbow of freezing.
It is covered in frost.
The centaur warrior shoots an arrow.
You block the arrow.
The centaur warrior shoots an arrow.
The arrow hits you. The arrow freezes you.
There is an open door, spattered with blood here.
The centaur warrior shoots an arrow.
The arrow barely misses you.
The centaur warrior shoots an arrow.
The arrow closely misses you.
The centaur warrior shoots an arrow.
The arrow hits you!! The arrow freezes you.
The centaur warrior shoots an arrow.
The arrow hits you! The arrow freezes you.
The centaur warrior shoots an arrow.
The arrow hits you!!
* * * LOW HITPOINT WARNING * * *
The arrow freezes you!
* * * LOW HITPOINT WARNING * * *
The centaur warrior shoots an arrow.
The arrow hits you!
You die...

########## #........#
########## #........#
#........###...c....#
#........'.#..<.....#
#.?......#.#........#
#........#.'....@...+
#........###........#
#........# #####+####
#######'## #.# #.#
#.# #.# #.#


You could see a centaur warrior.

Vanquished Creatures
  An orc knight (Bailey)
  An ugly thing (D:6)
  Maggie (D:8)
  Psyche (D:8)
  A hornet (D:9)
  Sigmund (D:5)
  4 yaks (D:9)
  2 wyverns (D:6)
  3 steam dragons
  An acid dragon (D:9)
  A water moccasin (D:6)
  7 orc warriors
  3 ice beasts
  A black bear (D:5)
  An ogre (D:6)
  A phantom (D:5)
  3 kobold brigands
  5 bullfrogs
  4 necrophages
  A scorpion (D:6)
  A gnoll sergeant (D:5)
  4 wights (D:8)
  A howler monkey (D:7)
  2 jellies (D:5)
  4 hounds
  5 orc priests
  2 gnoll boudas
  3 iguanas
  7 orc wizards
  16 gnolls
  5 adders
  A worm (D:2)
  The ghost of wormed the Covert, a weakling GnDe (D:6)
  2 dart slugs
  22 orcs
  5 bats
  12 endoplasms
  2 giant cockroaches
  8 hobgoblins
  7 jackals
  30 kobolds
  2 quokkas (D:1)
  4 ball pythons
  6 frilled lizards
  6 goblins (D:1)
  6 rats
207 creatures vanquished.

Notes
Turn   | Place    | Note
-------+----------+-------------------------------------------
     0 | D:1      | bmack86 the Minotaur Fighter began the quest for the Orb.
     0 | D:1      | Reached XP level 1. HP: 19/19 MP: 0/0
   129 | D:1      | Reached XP level 2. HP: 27/27 MP: 1/1
   510 | D:1      | Reached XP level 3. HP: 33/33 MP: 2/2
  1061 | D:2      | Found Wiahextisse's Antique Armour Shop.
  1209 | D:2      | Found a faded altar of an unknown god.
  1388 | D:2      | Found Tiudoine's General Store.
  1423 | D:2      | Bought a scroll of fear for 44 gold pieces
  1423 | D:2      | Bought a potion of curing for 33 gold pieces
  1550 | D:2      | Reached XP level 4. HP: 37/39 MP: 3/3
  2883 | D:4      | Reached XP level 5. HP: 35/47 MP: 4/4
  3037 | D:4      | Found a shimmering blue altar of Sif Muna.
  3069 | D:4      | Found an opulent altar of Gozag.
  3152 | D:4      | Reached skill level 5 in Shields
  3309 | D:4      | Found a glowing golden altar of the Shining One.
  3310 | D:4      | Found a stormy altar of Qazlal.
  3364 | D:4      | Noticed an ice beast
  3383 | D:4      | Killed an ice beast
  3384 | D:4      | Reached skill level 5 in Axes
  3384 | D:4      | Reached XP level 6. HP: 47/53 MP: 5/5
  3386 | D:4      | Found an ornate altar of the Wu Jian Council.
  3394 | D:4      | Noticed a spectral centipede
  3394 | D:4      | Noticed a spectral black mamba
  3394 | D:4      | Noticed a spectral cane toad
  3735 | D:5      | Entered Level 5 of the Dungeon
  3736 | D:5      | Found a staircase to the Ecumenical Temple.
  3739 | D:5      | Reached skill level 5 in Armour
  3741 | D:5      | Reached skill level 5 in Fighting
  3757 | Temple   | Entered the Ecumenical Temple
  3827 | D:5      | Reached XP level 7. HP: 17/61 MP: 6/6
  4108 | D:5      | Found Bayajidda's Dragon-Slaying Spoils.
  4365 | D:5      | Noticed Sigmund
  4370 | D:5      | Killed Sigmund
  4371 | D:5      | Reached skill level 1 in Evocations
  4371 | D:5      | Reached XP level 8. HP: 68/70 MP: 7/7
  5132 | D:6      | Found a runed translucent door.
  5133 | D:6      | Noticed a green ugly thing
  5133 | D:6      | Noticed wormed's ghost (weakling GnDe)
  5228 | D:6      | Reached XP level 9. HP: 64/78 MP: 8/8
  5458 | D:6      | Found a shadowy altar of Dithmenos.
  5760 | D:6      | Found a bloodstained altar of Trog.
  5914 | D:6      | Killed a green ugly thing
  5915 | D:6      | Killed wormed's ghost
  5919 | D:6      | Identified the ring of Qeywory {Fly rPois Will- Int+5}
  5922 | D:6      | Identified the +4 dagger "Zocopol" {flame, rF+ rN+ Dex+7}
  6230 | D:7      | Found a flagged portal.
  6260 | D:7      | Found a sacrificial altar of Ru.
  6295 | Bailey   | Entered a bailey
  6390 | Bailey   | Noticed an orc knight
  6410 | Bailey   | Killed an orc knight
  6411 | Bailey   | Reached skill level 10 in Shields
  6871 | D:7      | Found an iron altar of Okawaru.
  6883 | D:7      | Became a worshipper of Warmaster Okawaru
  7124 | D:7      | Reached XP level 10. HP: 73/86 MP: 9/9
  7817 | D:8      | Reached skill level 10 in Axes
  7920 | D:8      | Noticed Psyche
  7921 | D:8      | Noticed Maggie
  7932 | D:8      | Killed Psyche
  7932 | D:8      | Reached * piety under Okawaru
  7934 | D:8      | Killed Maggie
  9241 | D:9      | Reached ** piety under Okawaru
  9433 | D:9      | Noticed a centaur warrior
  9439 | D:9      | Shot with an arrow by a centaur warrior

Illustrated notes

Levels and vault maps discovered:
D:1:      minmay_arrival_glassed_features, layout_loops_corners, minmay_vboxes
D:2:      layout_basic, hellmonk_ecumenical_altar_heavens_door, serial_shops,
          nicolae_shop_trees, shop
D:3:      layout_basic
D:4:      layout_basic, mainiacjoe_overflow_divided_tiny,
          pdpol_wu_jian_five_deadly_venoms, mainiacjoe_overflow_big_doors
D:5:      layout_rooms, minmay_temple_entry_grid, nicolae_shop_dragon_depot,
          uniq_sigmund
D:6:      layout_loops_cross, kennysheep_mini, trog_book,
          ebering_ghost_inner_flame, columned_hall_lemuel, minmay_microvault,
          uniq_crazy_yiuf_cottage
D:7:      layout_layer_cave, kennysheep_little_box, okawaru_trees_1,
          serial_glass, glass_columns_a, glass_columns_a, enter_bailey_1,
          palyth_stone_intersect
D:8:      layout_basic, uniq_psyche, uniq_maggie
D:9:      layout_roguey, david_orc_1_choice, kennysheep_generic_room_3
Temple:   cyrus_circular_temple

Skill      XL: |  1  2  3  4  5  6  7  8  9 10 |
---------------+-------------------------------+-----
Axes           | 3 4 5 6 8 9 11 | 11.0
Fighting       | 4 5 6 7 8 |  8.4
Shields        | 4 5 6 7 8 10 11 | 11.2
Armour         | 4 5 6 7 8 |  8.4
Evocations     | 1 2 3 4 |  4.7

Action                   |  1- 3 |  4- 6 |  7- 9 | 10-12 || total
-------------------------+-------+-------+-------+-------++-------
Melee: War axe           |    93 |    98 |   150 |       ||   341
       Headbutt          |     6 |    12 |    29 |    17 ||    64
       Broad axe         |       |       |    66 |    99 ||   165
Throw: Boomerang         |       |       |     3 |     4 ||     7
  Use: Scroll            |     3 |     7 |     7 |     3 ||    20
       Potion            |       |     1 |     3 |       ||     4
Armor: Scale mail        |    57 |       |       |       ||    57
       Chain mail        |    11 |    43 |   101 |       ||   155
       Plate armour      |       |       |       |    46 ||    46
Dodge: Dodged            |    47 |    34 |   139 |    41 ||   261
Block: Buckler           |    25 |    20 |    77 |    24 ||   146

Table legend: (Time is in decaauts)
 A = Elapsed time spent in this place.
 B = Non-inter-level travel time spent in this place.
 C = Inter-level travel time spent in this place.
 D = Time resting spent in this place.
 E = Time spent auto-exploring this place.
 F = Levels seen in this place.
 G = Mean time per level.
                   A        B        C        D        E       F      G
               +--------+--------+--------+--------+--------+-----+--------+
         Total |   9547 |   9273 |    274 |   1086 |   5606 |  11 |  867.9 |
       Dungeon |   8997 |   8723 |    274 |    862 |   5606 |   9 |  999.7 |
        Temple |     61 |     61 |      0 |      0 |      0 |   1 |   61.0 |
        Bailey |    488 |    488 |      0 |    224 |      0 |   1 |  488.0 |
               +--------+--------+--------+--------+--------+-----+--------+

Top non-repeatable levels by time:
     D:6: 1599 daAuts
     D:7: 1164 daAuts
     D:8: 1149 daAuts
     D:1: 1034 daAuts
     D:3: 987 daAuts
     D:2: 888 daAuts
     D:4: 884 daAuts
     D:5: 802 daAuts
  Bailey: 488 daAuts
     D:9: 485 daAuts
  Temple: 61 daAuts
